[Event "15th Tashkent Open Agzamov 2022"]
[Site "Tashkent"]
[Date "2022.05.09"]
[Round "8.8"]
[White "Mazhkenov, Alisher"]
[Black "Vakhidov, Jakhongir"]
[Result "0-1"]
[ECO "E74"]
[WhiteElo "2045"]
[BlackElo "2552"]
[Annotator "TA"]
[PlyCount "86"]
[EventDate "2022.05.05"]
[EventType "swiss"]
[EventCountry "UZB"]
[SourceTitle "playchess.com"]
[Source "ChessBase"]
[SourceQuality "1"]
[TimeControl "5400+30"]

1. d4 Nf6 2. c4 g6 3. Nc3 Bg7 4. e4 d6 5. Be2 O-O 6. Bg5 c5 7. d5 a6 8. a4 Qa5 {[%emt 0:00:41] 8...e6 is more fashionable.} 9. Qd2 Nbd7 10. Ra3 {[%emt 0:02:48] E74: King's Indian: Averbakh Variation: 6...c5.} Qb4 $1 11. Nf3 h6 {[%emt 0:15:16] [#]} 12. Be3 $146 {[%emt 0:15:45] The position is equal.} ({Predecessor:} 12. Bf4 g5 13. Bg3 Nh5 14. O-O Nxg3 15. hxg3 Ne5 16. Nxe5 Bxe5 17. Qc2 Qa5 18. f4 {1-0 (26) Laux,T (2230)-Dueball,J (2445) Germany 1991}) 12... Ng4 13. Bf4 $1 Nge5 (13... g5 $11 14. Bg3 Nge5) 14. Nxe5 (14. Qc2 $1 $16) 14... Nxe5 $11 15. Qc2 f5 (15... Nxc4 $11 {remains equal.} 16. Rb3 Bxc3+ 17. Rxc3 g5) 16. Bd2 ({White should try} 16. Rb3 $16 Qa5 17. O-O) 16... Bd7 $2 ({Better is} 16... Nxc4 $11 17. Rb3 Bxc3 18. Rxb4 Bxd2+ 19. Kf1 (19. Kd1 Bxb4 20. Bxc4 b5 $11) 19... Bxb4 20. Qxc4 b5) 17. Nd1 $16 Qb6 18. f4 Ng4 19. h3 Nf6 20. exf5 Bxf5 21. Bd3 e6 22. a5 (22. dxe6 {is interesting.} Rae8 23. O-O d5 24. Bxf5 gxf5 25. e7) 22... Qc7 23. dxe6 Bxd3 24. Rxd3 {[%emt 0:01:56] Re3 is the strong threat.} Rae8 (24... Ne4 $142) 25. Re3 Nh5 26. g3 (26. Qxg6 Nxf4 27. Qg3 (27. Qg4 h5 $11) 27... Nxe6 $11) (26. Nc3 $16) 26... Rf6 (26... Qc6 $14 27. O-O Bd4) 27. Rh2 $2 (27. O-O $1 $16) 27... Rfxe6 $17 {[%emt 0:00:20] Hoping for ...Bd4.} 28. Rhe2 {[%emt 0:00:38] [#]} (28. Rg2 $17) 28... Qc6 $1 $19 {[%emt 0:01:48] ( -> ...Qh1+)} 29. Nf2 {[%emt 0:01:23] [#] Against Qh1+} (29. Rxe6 Qh1+ 30. Kf2 Qh2+ 31. Kf3 Qxg3+ 32. Ke4 Nf6#) (29. Bc3 Rxe3 30. Nxe3 Qh1+ 31. Kd2 Bxc3+ 32. bxc3 (32. Kxc3 $2 Kf7 $19)) 29... Qg2 $1 30. Kd1 Rxe3 {[%emt 0:00:30] Really sharp!} 31. Rxe3 Rxe3 (31... Qf1+ 32. Re1 Rxe1+ 33. Bxe1 Nxg3 34. Qd3 $17) 32. Bxe3 Qg1+ 33. Kd2 Nxg3 {[%emt 0:00:10] Strongly threatening ...Nf1+.} 34. Qd3 Nf5 ({Weaker is} 34... Bxb2 35. Kc2 $14) (34... Qa1 $2 35. Nd1 Qxa5+ 36. Kc2 $19) 35. Ne4 Qh2+ ({Stronger than} 35... Qxe3+ 36. Qxe3 Nxe3 37. Kxe3 $15) 36. Nf2 Qg3 37. Ne4 {[%emt 0:01:20] [#]} Qg2+ ({And not} 37... Qxe3+ 38. Qxe3 Nxe3 39. Kxe3 $11) 38. Nf2 $2 (38. Bf2 Bd4 39. Ke1) 38... Bxb2 {[%emt 0:00:31] And now ...Kf7 would win. Black is clearly winning.} 39. Qe4 Qxe4 40. Nxe4 Kf7 41. Kd3 Nxe3 42. Kxe3 Ke6 43. Kf3 Ba3 {[%emt 0:00:33] Weighted Error Value: White=0.57/Black=0.26 (precise)} 0-1

[Event "15th Tashkent Open Agzamov 2022"]
[Site "Tashkent"]
[Date "2022.05.09"]
[Round "8.9"]
[White "Vokhidov, Shamsiddin"]
[Black "Abdisalimov, Abdimalik"]
[Result "1-0"]
[ECO "B51"]
[WhiteElo "2536"]
[BlackElo "2435"]
[Annotator "TA"]
[PlyCount "43"]
[EventDate "2022.05.05"]
[EventType "swiss"]
[EventCountry "UZB"]
[SourceTitle "playchess.com"]
[Source "ChessBase"]
[SourceQuality "1"]
[TimeControl "5400+30"]

1. e4 c5 2. Nf3 d6 3. Bb5+ Nd7 4. d4 cxd4 5. Qxd4 a6 6. Bxd7+ Bxd7 7. c4 {[%emt 0:00:05] 7.Nc3 gains popularity. B51: Sicilian: Moscow Variation (3 Bb5+) without 3...Bd7.} e5 8. Qd3 b5 9. b3 {[%emt 0:00:53] White has an edge.} h6 10. O-O Nf6 11. Nc3 bxc4 12. bxc4 Be7 {[%emt 0:00:10] [#]} 13. Rd1 $146 {[%emt 0:08:06][%cal Oc4c5] With the idea c5!} ({Predecessor:} 13. Be3 O-O 14. Rfc1 Qa5 15. Nd2 Rfc8 16. Nb3 Qc7 17. Nd5 Nxd5 18. cxd5 Qd8 19. h3 {0-1 (101) Carlsson,P (2463)-Sjugirov,S (2663) St Petersburg 2018}) 13... Rc8 14. Ba3 Qa5 $2 (14... Qc7 $14) 15. Nd5 $2 (15. Bxd6 $18 Bxd6 16. Qxd6) 15... Nxd5 $11 16. exd5 O-O {[%emt 0:03:03] [#]} (16... e4 17. Qxe4 $1 Qxa3 18. Re1 $14) (16... f5 $11 {keeps the balance.} 17. c5 e4) 17. Nxe5 $1 $16 Ba4 18. Re1 Rc7 (18... Rfe8 $142) 19. Ng4 {[%emt 0:04:40][%cal Oc4c5] White is more active.} Bc2 {[%emt 0:07:30] [#]} 20. Qg3 {[%emt 0:06:28] And now Nxh6+ would win.} ({Much less strong is} 20. Qxc2 Qxa3 21. Ne3 Bf6 $14) 20... h5 (20... Qd2 $2 21. Bxd6 Bxd6 22. Nf6+ (22. Qxd6 Rxc4 23. Ne3 Ra4 $16) 22... Kh8 23. Qxd6 $18) (20... Bg6 $16) 21. Bxd6 $18 ({Worse is} 21. Nh6+ Kh7 $11) 21... Bxd6 22. Nf6+ $1 {[%emt 0:00:08] Weighted Error Value: White=0.30/Black=0.58} 1-0

[Event "15th Tashkent Open Agzamov 2022"]
[Site "Tashkent"]
[Date "2022.05.09"]
[Round "8.10"]
[White "Van Foreest, Lucas"]
[Black "Manafov, Vugar"]
[Result "1/2-1/2"]
[ECO "E32"]
[WhiteElo "2572"]
[BlackElo "2311"]
[Annotator "TA"]
[PlyCount "115"]
[EventDate "2022.05.05"]
[EventType "swiss"]
[EventCountry "UZB"]
[SourceTitle "playchess.com"]
[Source "ChessBase"]
[SourceQuality "1"]
[TimeControl "5400+30"]

1. d4 Nf6 2. c4 e6 3. Nc3 Bb4 4. Qc2 O-O 5. e4 d5 6. e5 Ne4 7. Bd3 c5 $1 8. Nf3 {[%emt 0:00:09] E32: Nimzo-Indian: Classical (4 Qc2): 4...0-0.} cxd4 9. Nxd4 Nd7 10. Bf4 Ndc5 11. O-O Bxc3 12. bxc3 Bd7 {[%emt 0:04:02] 12...Nxd3 is the modern continuation.} 13. Be2 {[%emt 0:04:21] Black must now prevent f3.} Na4 14. cxd5 exd5 15. f3 {[%emt 0:00:08] 15.Bd3 is not played anymore.} Nexc3 16. Bd3 Kh8 17. Qd2 {[%emt 0:07:25][%cal Oe5e6][%mdl 1024] [#] White has compensation.} ({Don't blunder} 17. Bxh7 $2 Qh4 18. Bf5 Qxf4 $19) 17... Re8 $146 ({Predecessor:} 17... Rc8 18. Kh1 b5 19. Bc2 b4 20. Bg5 Qb6 21. Qd3 Qg6 22. Qd2 Qb6 23. Qd3 {½-½ (23) Daneshvar,B (2327)-Quparadze,G (2462) Rasht 2020}) 18. Kh1 Qb6 19. Bc2 Qa6 (19... Rac8 $142) 20. Qf2 {[%emt 0:02:12][%cal Oe5e6] aiming for e6!} Kg8 21. Qh4 h6 {[%emt 0:00:10] [#]} 22. e6 ({White should try} 22. g4 $1 $16 ) 22... Bxe6 $14 {[%emt 0:00:22] [#]} 23. Bxh6 $1 {[%emt 0:00:29][%mdl 64] Demolition} gxh6 24. Qxh6 {[%emt 0:00:07] Bh7+ would kill now.} Bf5 {[%emt 0:05:23] Against Bh7+} 25. Qxa6 bxa6 26. Bxa4 Nxa4 27. Nxf5 Re5 28. Nd4 Rc8 29. Rf2 Rc3 30. Rd2 Nb6 31. Rdd1 a5 32. Kg1 Nc4 33. Kf2 a4 34. Re1 f6 35. h4 (35. Rec1 $5 Rd3 36. Rd1 $11) 35... Nb2 {[%emt 0:03:39] Hoping for ...Nd3+.} 36. Kg3 Rc4 $1 37. Rxe5 fxe5 $11 {[%emt 0:00:03][%mdl 4096] Endgame [#] KRN-KRN} 38. Rb1 $1 a3 39. Nb5 Rc2 40. Nxa3 Re2 41. Rc1 {[%emt 0:10:09] And now Rc2 would win.} (41. Nb5 $5 d4 42. Nxa7 $14) 41... d4 $1 {[%emt 0:00:01] The position is equal.} 42. Rc2 Rxc2 43. Nxc2 {[%emt 0:00:05] KN-KN} d3 44. Ne3 {[%emt 0:00:11] Kf2 is the strong threat.} d2 45. Kg4 d1=Q 46. Nxd1 Nxd1 {[%emt 0:00:04] KN-KP} 47. Kf5 Ne3+ 48. Kxe5 Nxg2 {[%emt 0:00:02] KN-K3P} 49. h5 Kg7 50. a4 Kh6 51. a5 a6 52. Kd4 Kxh5 {[%emt 0:00:00] KN-KPP} 53. Kc5 Kg5 54. Kb6 Ne3 55. Kxa6 Nc4 56. Kb5 Nxa5 57. Kxa5 Kf4 58. Kb4 {[%emt 0:00:19] Weighted Error Value: White=0.09 (flawless) /Black=0.07 (flawless)} 1/2-1/2

[Event "15th Tashkent Open Agzamov 2022"]
[Site "Tashkent"]
[Date "2022.05.10"]
[Round "9.1"]
[White "Indjic, Aleksandar"]
[Black "Suleymenov, Alisher"]
[Result "1/2-1/2"]
[ECO "D27"]
[WhiteElo "2621"]
[BlackElo "2445"]
[Annotator "TA"]
[PlyCount "76"]
[EventDate "2022.05.05"]
[EventType "swiss"]
[EventCountry "UZB"]
[SourceTitle "playchess.com"]
[Source "ChessBase"]
[SourceQuality "1"]
[TimeControl "5400+30"]

1. d4 d5 2. Nf3 Nf6 3. c4 dxc4 4. e3 e6 5. Bxc4 c5 6. O-O a6 7. b3 Nbd7 {[%emt 0:00:10] D27: Queen's Gambit Accepted: Classical main line: 7 e4!? and 7 a4.} 8. Be2 Be7 9. Bb2 O-O 10. Nbd2 b6 11. dxc5 Bxc5 {[%emt 0:03:06] [#]} 12. Qb1 $146 ({Predecessor:} 12. a3 Bb7 13. b4 Bd6 14. Nc4 Bc7 15. Rc1 b5 16. Nce5 Rc8 17. Nxd7 Qxd7 18. Qxd7 Nxd7 19. Rfd1 Nb6 20. Bd4 Rfd8 21. Nd2 Na4 22. g3 e5 23. Ba1 {½-½ (24) Walczak,P (2504)-Mayer,R (2486) ICCF email 2018}) 12... Bb7 13. Bd3 Qe7 14. Ne4 h6 15. Rd1 Ba3 16. Nxf6+ Nxf6 17. Bxf6 Qxf6 18. Bh7+ Kh8 19. Be4 {[%emt 0:00:06] The position is equal.} Qe7 20. Bxb7 (20. Ne5 {with more complications.} Rad8 21. Bxb7 Qxb7 22. Qc2) 20... Qxb7 21. b4 {[%emt 0:00:38] [#] Black must now prevent Qb3.} Qe7 22. b5 Qb4 23. bxa6 Qxb1 24. Raxb1 Rxa6 25. Rd7 Bc5 26. Rb2 f6 27. Nh4 {[%emt 0:03:11] [#] aiming for Ng6+.} Kh7 {[%emt 0:02:22] Prevents Ng6.} 28. g3 Rfa8 29. Ng2 R6a7 30. Rdd2 g5 31. Ne1 Kg6 32. Nd3 e5 33. Rbc2 h5 34. h3 Ra4 35. Kg2 R8a7 36. Nxc5 bxc5 37. Rxc5 Rxa2 38. Rxa2 Rxa2 {[%emt 0:00:05] Weighted Error Value: White=0.06 (flawless) /Black=0.05 (flawless)} 1/2-1/2

[Event "15th Tashkent Open Agzamov 2022"]
[Site "Tashkent"]
[Date "2022.05.10"]
[Round "9.2"]
[White "Sindarov, Javokhir"]
[Black "Abdurakhmonov, Mukhammadali"]
[Result "1-0"]
[ECO "B51"]
[WhiteElo "2609"]
[BlackElo "2308"]
[Annotator "TA"]
[PlyCount "77"]
[EventDate "2022.05.05"]
[EventType "swiss"]
[EventCountry "UZB"]
[SourceTitle "playchess.com"]
[Source "ChessBase"]
[SourceQuality "1"]
[TimeControl "5400+30"]

1. e4 c5 2. Nf3 d6 3. Bb5+ Nd7 4. d4 cxd4 5. Nxd4 Ngf6 6. O-O {[%emt 0:01:15][%cal Bh1f1,Bf1e1,Be1e6][%mdl 32] B51: Sicilian: Moscow Variation (3 Bb5+) without 3...Bd7.} a6 7. Ba4 Nxe4 8. c4 {[%emt 0:04:58] The position is equal.} e6 9. Re1 Nec5 (9... Qh4 $2 10. g3 Nxf2 11. gxh4 $16) 10. Nc3 Be7 11. Bxd7+ Nxd7 12. Rxe6 $1 O-O (12... fxe6 $2 13. Nxe6 Qa5 14. Nd5 $18) (12... Ne5 $11 {keeps the balance.} 13. Rxe7+ (13. Qa4+ Bd7 $17) 13... Qxe7) 13. Re1 $16 {[%emt 0:09:24] 0x0.0019eb54afd9dp-1022s more active pieces. The black rooks are badly placed.} Nb6 {[%emt 0:01:17] [#]} 14. Qb3 $146 ({Predecessor:} 14. b3 d5 15. Nxd5 Nxd5 16. cxd5 Bb4 17. Bd2 Bxd2 18. Qxd2 Qxd5 19. Qf4 Bd7 20. h4 {½-½ (35) Ter Sahakyan,S (2551)-Korobov,A (2718) Riga 2021}) 14... Bd7 15. Be3 {[%emt 0:04:27] And now Nf3 would win.} Rc8 {[%emt 0:00:30] [#]} 16. Nf5 $1 Bxf5 17. Bxb6 Qd7 18. Nd5 Be6 19. Bd4 {[%emt 0:05:11] Strongly threatening Qg3.} Bd8 20. Rad1 Bxd5 21. cxd5 b5 (21... Ba5 $11 {remains equal.}) 22. Qa3 $40 {[%emt 0:03:45][%mdl 128] White goes for the king.} Bg5 23. Qxa6 Ra8 24. Qc6 Qxc6 25. dxc6 {[%emt 0:00:04] c7 is the strong threat.} Rfc8 26. h4 Bxh4 27. g3 Bg5 28. f4 Bh6 29. Rc1 {[%emt 0:00:03] aiming for Re7.} g6 $2 {[%emt 0:00:53] [#] This costs Black the game.} (29... g5 $16) 30. Re7 $1 $18 Bg7 31. Bxg7 Kxg7 {[%emt 0:00:06][%mdl 4096] Endgame [#] KRR-KRR} 32. Rd7 $1 {[%emt 0:02:37] Hoping for c7.} Rxa2 (32... Ra4 {keeps fighting.} 33. b3 (33. Rxd6 Rc4 $16) 33... Ra6) 33. c7 Raa8 34. Kf2 {[%emt 0:00:49] White is clearly winning.} Kf6 35. Rc6 Kg7 36. Ke3 Re8+ 37. Kd4 Rac8 38. Kd5 Re2 39. Rd8 {[%emt 0:00:18] Weighted Error Value: White=0.04 (flawless) /Black=0.29 (precise)} 1-0

[Event "15th Tashkent Open Agzamov 2022"]
[Site "Tashkent"]
[Date "2022.05.10"]
[Round "9.3"]
[White "Romanov, Evgeny"]
[Black "Sanal, Vahap"]
[Result "1/2-1/2"]
[ECO "C50"]
[WhiteElo "2573"]
[BlackElo "2575"]
[Annotator "TA"]
[PlyCount "41"]
[EventDate "2022.05.05"]
[EventType "swiss"]
[EventCountry "UZB"]
[SourceTitle "playchess.com"]
[Source "ChessBase"]
[SourceQuality "1"]
[TimeControl "5400+30"]

1. e4 e5 2. Nf3 Nc6 3. Bc4 Bc5 4. d3 Nf6 5. Nc3 d6 6. Na4 Bb6 {[%emt 0:01:28] C50: Hungarian Defence and Giuoco Pianissimo.} 7. a3 h6 8. h3 {[%emt 0:01:28] 8.0-0 is a critical line.} Qe7 {[%emt 0:05:31] [#]} 9. b4 $146 ({Predecessor:} 9. Bd2 Ba5 10. b4 Bb6 11. Bb5 Bd7 12. c4 Bd4 13. Nc3 Bxc3 14. Bxc3 Nd8 15. Bxd7+ Qxd7 {½-½ (71) Domarovsky,S (1894)-Emelianov,S (1909) Irkutsk 2017}) 9... Be6 10. Bxe6 fxe6 11. c3 Qf7 12. Qe2 O-O 13. Nxb6 axb6 14. Nh2 Nh5 15. g3 b5 16. O-O Kh7 {[%emt 0:03:23] The position is equal.} 17. Bb2 Qg6 18. Qg4 {[%emt 0:01:29] Inhibits Nf4.} Qe8 19. Qe2 Qg6 {[%emt 0:00:23] Hoping for ...Nf4.} 20. Qg4 {[%emt 0:00:47] Against Nf4} Qe8 21. Qe2 {[%emt 0:06:05] An interesting draw.  Weighted Error Value: White=0.07 (flawless) /Black=0.07 (flawless)} 1/2-1/2

[Event "15th Tashkent Open Agzamov 2022"]
[Site "Tashkent"]
[Date "2022.05.10"]
[Round "9.4"]
[White "Iskandarov, Misratdin"]
[Black "Asadli, Vugar"]
[Result "1/2-1/2"]
[ECO "A13"]
[WhiteElo "2601"]
[BlackElo "2578"]
[Annotator "TA"]
[PlyCount "34"]
[EventDate "2022.05.05"]
[EventType "swiss"]
[EventCountry "UZB"]
[SourceTitle "playchess.com"]
[Source "ChessBase"]
[SourceQuality "1"]
[TimeControl "5400+30"]

1. Nf3 Nf6 2. c4 e6 3. g3 d5 4. Bg2 dxc4 5. O-O Nbd7 6. Qc2 Nb6 {[%emt 0:11:12] A13: English Opening: 1...e6.} 7. Rd1 {[%emt 0:03:46] [#]} Nfd5 $146 ({Predecessor:} 7... Bd6 8. b3 cxb3 9. axb3 Nbd5 10. Na3 O-O 11. Bb2 c6 12. Ng5 Re8 13. d4 Bf8 14. Nc4 {½-½ (29) Lecroq,M (2594)-Churkin,M (2496) ICCF email 2017}) 8. Nc3 Bd7 {[%emt 0:06:32] The position is equal.} 9. Ne5 Bd6 10. Nxd7 Qxd7 ({Much less strong is} 10... Kxd7 11. Nxd5 exd5 12. d3 $16) 11. a3 (11. Nxd5 $14 exd5 12. a4) 11... O-O $11 12. d3 Nxc3 13. Qxc3 Qa4 14. Be3 Nd5 15. Qxc4 (15. Bxd5 $5 exd5 16. dxc4 $15) 15... Qxc4 16. dxc4 Nxe3 17. fxe3 Rad8 {[%emt 0:00:06] Weighted Error Value: White=0.16 (very precise) /Black=0.09 (flawless)} 1/2-1/2

[Event "15th Tashkent Open Agzamov 2022"]
[Site "Tashkent"]
[Date "2022.05.10"]
[Round "9.5"]
[White "Utegaliyev, Azamat"]
[Black "Mchedlishvili, Mikheil"]
[Result "0-1"]
[ECO "A25"]
[WhiteElo "2463"]
[BlackElo "2595"]
[Annotator "TA"]
[PlyCount "178"]
[EventDate "2022.05.05"]
[EventType "swiss"]
[EventCountry "UZB"]
[SourceTitle "playchess.com"]
[Source "ChessBase"]
[SourceQuality "1"]
[TimeControl "5400+30"]

1. b3 e5 2. Bb2 Nc6 3. c4 g6 4. g3 Bg7 5. Bg2 Nge7 6. Nc3 O-O 7. e3 d6 8. Nge2 Be6 9. O-O d5 10. cxd5 Nxd5 11. a3 {[%emt 0:00:19] A25: English Opening vs King's Indian with ...Nc6 but without early d3.} Nxc3 12. Bxc3 Bd5 13. e4 {[%emt 0:08:34] The position is equal.} Be6 {[%emt 0:00:18] [#]} 14. f4 $146 ({Predecessor:} 14. Qc2 Qd6 15. d3 Rfd8 16. Rfd1 a5 17. Qb2 Ra6 18. b4 axb4 19. axb4 Rxa1 20. Rxa1 Qxd3 {1-0 (63) Granda Zuniga,J (2636)-Mamedyarov,S (2733) San Sebastian 2012}) 14... Qd3 15. Rf2 Bg4 16. Qe1 Rad8 (16... Bxe2 $5 17. Qxe2 Qxe2 18. Rxe2 exf4 19. gxf4 Nd4 $15) 17. Rc1 Rfe8 18. Qf1 a5 19. b4 axb4 {[%emt 0:05:36] 0x0.0026dcbc03a5dp-1022s more active pieces. The white rooks are badly placed.} 20. axb4 h5 (20... exf4 {is more complex.} 21. gxf4 Qb5 22. Ng3 Qb6) 21. fxe5 (21. f5 $11 {keeps the balance.}) 21... Bxe2 $17 ({Much worse is} 21... Nxe5 $6 22. Nf4 Qxf1+ 23. Rfxf1 $11) 22. Qxe2 Qxe2 23. Rxe2 Bxe5 24. Bf1 Re7 25. b5 Bxc3 26. bxc6 Bxd2 27. Rc2 Ba5 28. cxb7 Rb8 29. e5 ({But not} 29. Rc5 $2 Bb6 30. Rec2 Re5 $19) 29... Rxb7 30. Re4 Kg7 31. Bc4 Rb1+ 32. Kg2 Bb6 33. Rd2 Ba5 (33... Rc1 $17) 34. Rf2 (34. Rc2 $1 $11 {remains equal.}) 34... Bc3 $1 {[%emt 0:00:24] Black continues to play with concentration.} 35. Ref4 {[%emt 0:00:51][%cal Rf4f7] [#]} Rb2 $1 36. Rxb2 Bxb2 {[%emt 0:00:05][%mdl 4096] Endgame KRB-KRB} 37. e6 fxe6 38. Rf2 Bd4 39. Re2 e5 40. Kf3 c6 41. Ke4 Rb7 42. Ra2 Rb1 43. Bd3 Rb4 44. Rc2 c5 45. Kd5 Ra4 {[%emt 0:00:20] Against Ra2} 46. Rc1 Be3 47. Rc4 Ra3 48. Ke4 Bg1 49. Rc2 Kf6 50. h4 Ra1 51. Kf3 g5 52. Rb2 (52. hxg5+ $142 Kxg5 53. Ke4) 52... g4+ $19 53. Ke2 {[%emt 0:00:15] [#]} Bd4 $1 54. Rb6+ Ke7 55. Bc4 Rg1 56. Rb7+ Kf6 57. Rh7 (57. Rb8 $142 Rg2+ 58. Kd3) 57... Rxg3 58. Rxh5 e4 59. Rg5 Rg2+ 60. Kf1 Rg1+ 61. Ke2 Rg2+ 62. Kf1 $1 Rf2+ (62... Rc2 $142 63. Be2 Rc1+ 64. Kg2 c4) 63. Ke1 e3 (63... Rf4 $142 64. Rg8 Bf2+ 65. Ke2 Ke5) 64. Rxg4 $2 (64. Be2 $19) 64... Bc3+ 65. Kd1 Rd2+ 66. Kc1 Bb2+ 67. Kb1 e2 {[%emt 0:00:10] Black mates.} 68. Re4 Rd1+ 69. Kxb2 e1=Q 70. Rxe1 Rxe1 {[%emt 0:00:01] KR-KB} 71. Kc3 Rh1 72. Bd5 Rxh4 73. Bg8 Ke5 74. Bf7 Rh1 75. Kd3 Kd6 76. Kc3 Kc6 77. Be8+ Kb6 78. Bf7 Re1 79. Kb3 Re4 80. Bg6 Re3+ 81. Kc4 Kc6 82. Bh7 Re1 83. Bg6 Rc1+ 84. Kd3 Kb5 85. Kd2 Rg1 86. Bf7 Kb4 87. Bd5 c4 88. Kc2 Rf1 89. Be4 Rf2+ {[%emt 0:00:14] Weighted Error Value: White=0.34/Black=0.05 (flawless)} 0-1

[Event "15th Tashkent Open Agzamov 2022"]
[Site "Tashkent"]
[Date "2022.05.10"]
[Round "9.6"]
[White "Vakhidov, Jakhongir"]
[Black "Vokhidov, Shamsiddin"]
[Result "1-0"]
[ECO "E52"]
[WhiteElo "2552"]
[BlackElo "2536"]
[Annotator "TA"]
[PlyCount "115"]
[EventDate "2022.05.05"]
[EventType "swiss"]
[EventCountry "UZB"]
[SourceTitle "playchess.com"]
[Source "ChessBase"]
[SourceQuality "1"]
[TimeControl "5400+30"]

1. d4 Nf6 2. c4 e6 3. Nf3 d5 4. Nc3 Bb4 5. e3 O-O 6. Bd2 b6 7. cxd5 exd5 8. Bd3 Bb7 9. Qc2 {[%emt 0:00:09] E52: Nimzo-Indian: Rubinstein: 4...0-0 5 Nf3 d5 6 Bd3 b6.} Re8 10. a3 Bd6 11. Nb5 {[%emt 0:00:33] The position is equal.} c5 12. Nxd6 Qxd6 13. dxc5 bxc5 14. b4 Nbd7 {[%emt 0:08:49][%cal Bb8d7,Bd7c5,Bc5e6][%mdl 32] Threatens to win with ...d4.} 15. O-O Rac8 16. bxc5 Nxc5 {[%emt 0:01:32] [#]} 17. Bf5 $146 {[%emt 0:06:51] A strong pair of Bishops.} ({Predecessor:} 17. Bb4 a5 18. Bxc5 Rxc5 19. Qb2 Ba8 20. Nd4 Rb8 21. Qe2 Ne4 22. Rfc1 h6 23. h3 {1-0 (64) Akobian,V (2600)-Robson,R (2681) Saint Louis 2022}) 17... Ne6 18. Qb2 Rb8 19. Bb4 Qb6 20. Rfc1 {[%emt 0:31:20] White is more active.} (20. Rab1 $16) 20... d4 21. Nxd4 a5 $1 {[%emt 0:00:31] And now ...Nxd4 would win.} 22. Bxe6 fxe6 23. Bc3 Qxb2 24. Bxb2 Bxg2 25. Kxg2 Rxb2 26. Rab1 Ra2 27. Rc2 (27. Rb7 {feels hotter.} Nd5 28. Kg1 h6 29. Rc6) 27... Rxc2 28. Nxc2 $11 {[%emt 0:00:02][%mdl 4096] Endgame KRN-KRN} e5 29. Ne1 e4 30. Rb5 {[%emt 0:00:01] Prevents Re5.} Rc8 {[%emt 0:00:15] Against Nc2} 31. Rxa5 Rc1 32. Kf1 Ra1 33. h3 h6 34. a4 Kh7 35. Ke2 {[%emt 0:01:32] Nc2 is the strong threat.} Ra2+ 36. Kd1 Rxf2 (36... Nd7 $1 $11 {keeps the balance.}) 37. Nc2 $1 $16 g5 38. Rb5 g4 39. hxg4 Nxg4 40. a5 Rf6 (40... Rf1+ $2 41. Kd2 $18) 41. Kd2 Kg6 (41... Rd6+ $16 42. Kc3 Rc6+ 43. Kd2 Rd6+ 44. Nd4 Ra6) 42. Nb4 $1 $18 Rf1 43. a6 Ra1 44. Rb7 (44. Kc2 $142) 44... Ne5 $2 {[%emt 0:05:02] [#] This move loses the game for Black.} (44... Nf6 $16) 45. a7 $1 {[%emt 0:00:43] Strongly threatening Rb6+.} Kf5 {[%emt 0:00:00] [#]} 46. Kc3 $1 {[%emt 0:02:00] Black must now prevent Nc2.} Ra3+ (46... Ra4 {was worth a try.} 47. Re7 Ra3+ 48. Kd4 Ng6 49. Rf7+ (49. Rxe4 Rxa7 50. Re8 Ra4 $15) 49... Kg4) 47. Kd4 Ra5 48. Re7 {[%emt 0:01:29][%cal Oe7e5] White wants to mate with Rxe5+!} Nf3+ (48... Ra4 $142 49. Rxe5+ Kf6) 49. Kc4 {[%emt 0:01:01] Hoping for Nc6.} Kf6 50. Nc6 Ra1 51. Re8 Ne5+ 52. Rxe5 Rxa7 53. Rxe4 {[%emt 0:01:18] KRN-KR} (53. Nxa7 $142 Kxe5 54. Nc6+ Ke6 55. Nd4+ Ke5 56. Ne2 Kf5 57. Kd5 Kg4 58. Nf4) 53... Ra1 {[%emt 0:00:54] White is clearly winning.} 54. Rf4+ Kg5 55. Nd4 h5 56. Nf3+ Kg6 57. e4 Kg7 58. Kd3 {[%emt 0:00:27] Weighted Error Value: White=0.07 (flawless) /Black=0.48} 1-0